 Dungeon Crawl Stone Soup version 0.21.1-1-g345015f (webtiles) character file.

4572 equalderp2856 the Cleaver (level 10, -16/88 HPs)
             Began as a Minotaur Fighter on May 8, 2018.
             Demolished by a two-headed ogre
             ... wielding a +0 dire flail
              (20 damage)
             ... on level 8 of the Dungeon.
             The game lasted 00:12:33 (7697 turns).

equalderp2856 the Cleaver (Minotaur Fighter)        Turns: 7697, Time: 00:12:34

Health: -16/88     AC:  9    Str: 22    XL:     10   Next: 18%
Magic:  9/9        EV: 10    Int:  6    God:
Gold:   245        SH: 11    Dex: 11    Spells: 9/9 levels left

rFire    . . .     SeeInvis .   a - +0 war axe
rCold    . . .     Gourm    .   c - +0 shield
rNeg     . . .     Faith    .   b - +0 scale mail
rPois    .         Spirit   .   (helmet restricted)
rElec    .         Reflect  .   s - +0 cloak
rCorr    .         Harm     .   (no gloves)
MR       .....                  (no boots)
Stlth    ..........             (no amulet)
HPRegen  0.24/turn              (no ring)
MPRegen  0.11/turn              (no ring)

@: lethally poisoned (-16 -> -21), hasted and slowed
A: retaliatory headbutt, horns 2
a: no special abilities


You were on level 8 of the Dungeon.
You were not hungry.

You visited 2 branches of the dungeon, and saw 9 of its levels.

You collected 395 gold pieces.
You spent 150 gold pieces at shops.

Inventory:

Hand Weapons
 a - a +0 war axe (weapon)
Armour
 b - a +0 scale mail (worn)
 c - a +0 shield (worn)
 s - a +0 cloak (worn)
 G - a +0 cloak
Jewellery
 x - a +2 ring of protection {unknown}
 y - an uncursed ring of see invisible {unknown}
 D - an uncursed ring of wizardry {unknown}
Wands
 v - a wand of clouds (8)
 w - a wand of random effects (25)
Scrolls
 e - 5 scrolls of teleportation
 j - 3 scrolls of remove curse {unknown}
 l - 4 scrolls of enchant weapon {unknown}
 m - 2 scrolls of fog
 n - 4 scrolls of identify {unknown}
 o - 2 scrolls of noise {unknown}
 q - 2 scrolls of fear {unknown}
 r - 2 scrolls of random uselessness {unknown}
 F - 4 scrolls of amnesia {unknown}
 H - a scroll of enchant armour {unknown}
 I - a scroll of vulnerability {unknown}
Potions
 d - 3 potions of might
 h - 2 potions of agility {unknown}
 i - 3 potions of magic
 k - a potion of cancellation {unknown}
 p - a potion of ambrosia
 t - a potion of haste
 u - a potion of flight {unknown}
 z - 2 potions of degeneration
 A - 2 potions of heal wounds {unknown}
 E - a potion of resistance {unknown}
Books
 B - a book of Flames

   Spells                             Type                      Level
   a - Flame Tongue                   Conjuration/Fire             1
   b - Throw Flame                    Conjuration/Fire             2
   c - Conjure Flame                  Conjuration/Fire             3
   d - Inner Flame                    Hexes/Fire                   3
   e - Sticky Flame                   Conjuration/Fire             4
   f - Fireball                       Conjuration/Fire             5
Comestibles
 f - 11 rations
 J - 2 chunks of flesh


   Skills:
 + Level 7.9 Fighting
 + Level 11.3 Axes
 + Level 8.8 Armour
 + Level 4.2 Dodging
 + Level 0.8 Stealth
 + Level 8.0 Shields
 + Level 0.8 Evocations


You had 9 spell levels left.
You didn't know any spells.

Dungeon Overview and Level Annotations

Branches:
Dungeon (8/15)             Temple (1/1) D:7
   Lair: D:8-11

Altars:
Ashenzari
Cheibriados
Dithmenos
Elyvilon
Fedhas
Gozag
Hepliaklqana
Kikubaaqudgha
Makhleb
Nemelex Xobeh
Okawaru
Qazlal
Ru
Sif Muna
Trog
Uskayaw
Vehumet
Wu Jian
Xom
Yredelemnul
Zin
The Shining One

Shops:
D:4 ?   D:5 %?

Annotations:
D:8 Erica


Innate Abilities, Weirdness & Mutations

You reflexively headbutt those who attack you in melee.
You have a pair of horns on your head.


Message History

You block the two-headed ogre's attack. x2
Found 5 bolts.
You see here a fuming golden potion.
Erica appears from thin air!
Reactivating autopickup.
The iguana hisses menacingly.
Erica points at you and mumbles some strange words.
The bolt of poison hits you!
You are poisoned.
* * * LOW HITPOINT WARNING * * *
* * * LOW HITPOINT WARNING * * *
You feel sick. You block the two-headed ogre's attack.
The two-headed ogre completely misses you.
It was a potion of haste.
You feel yourself speed up.
* * * LOW HITPOINT WARNING * * *
You feel sick.
Erica says, "I love to fight, but killing is better."
The two-headed ogre barely misses you.
The two-headed ogre hits you with a giant spiked club!!
You die...

#.#.....÷..##..##....((.##
#.....)...............§?##.
###............####.###)...##
#.......<...........#.#...##
#..................[....##....
#.##..##.......#.......##.....
. ##..................#..#...
............###......##...
..........@@...............
.####......Ol......##.Z#...
##.....#h.....##..{....
#....##..#...#..###...
#.######!......#...... #.
#........##...... .
#.%.#..#...#.l.... .
#.#.#..###..Z.....
.(.#h##.###$#......


You could see Erica, a two-headed ogre, an iguana and a hound.

Vanquished Creatures
  A two-headed ogre (D:7)
  Pikel (D:6)
  The ghost of equalderp2856 the Chopper, an amateur MiFi (D:6)
  Grinder (D:3)
  A hippogriff (D:8)
  Sigmund (D:2)
  Menkaure (D:5)
  Duvessa (D:5)
  Edmund (D:4)
  Purgy (D:4)
  An ice beast (D:5)
  5 ogres
  A centaur (D:6)
  A big kobold (D:8)
  Blork the orc (D:6)
  4 bullfrogs
  A wyvern skeleton (D:8)
  Dowan (D:5)
  3 scorpions
  6 killer bees (D:7)
  An electric eel (D:7)
  A crimson imp (D:8)
  The ghost of Iko the Charlatan, a weakling VSAr (D:4)
  2 bullfrog zombies
  5 hounds
  A jelly (D:7)
  2 orc priests
  2 orc wizards
  3 iguanas
  Ijyb (D:4)
  2 worker ants
  A hound zombie (D:6)
  A hound skeleton (D:4)
  Robin (D:3)
  A worker ant zombie (D:8)
  4 gnolls (D:5)
  A howler monkey skeleton (D:4)
  7 adders
  2 oozes (D:1)
  6 worms
  2 dart slugs (D:1)
  6 leopard geckos
  13 orcs
  3 bats
  6 giant cockroaches
  13 goblins
  8 hobgoblins
  12 jackals
  5 kobolds
  2 quokkas (D:3)
  8 frilled lizards
  A jackal skeleton (D:6)
  A jackal zombie (D:5)
  6 rats
165 creatures vanquished.

Vanquished Creatures (others)
  An orc wizard (D:5)
1 creature vanquished.

Grand Total: 166 creatures vanquished

Notes
Turn   | Place    | Note
-------+----------+-------------------------------------------
     0 | D:1      | equalderp2856 the Minotaur Fighter began the quest for the Orb.
     0 | D:1      | Reached XP level 1. HP: 19/19 MP: 0/0
   127 | D:1      | Reached XP level 2. HP: 27/27 MP: 1/1
   417 | D:1      | Reached XP level 3. HP: 33/33 MP: 2/2
   593 | D:2      | Noticed Sigmund
   602 | D:2      | Killed Sigmund
   602 | D:2      | Reached skill level 4 in Axes
   602 | D:2      | Reached XP level 4. HP: 29/41 MP: 3/3
   602 | D:2      | Reached XP level 5. HP: 34/47 MP: 4/4
   947 | D:2      | Found a shadowy altar of Dithmenos.
  1305 | D:3      | Reached skill level 5 in Armour
  1423 | D:3      | Reached XP level 6. HP: 55/55 MP: 5/5
  1633 | D:3      | Found an iron altar of Okawaru.
  1753 | D:3      | Noticed Grinder
  1771 | D:3      | Paralysed by Grinder for 6 turns
  1777 | D:3      | Killed Grinder
  1777 | D:3      | Reached skill level 5 in Fighting
  1777 | D:3      | Reached skill level 5 in Axes
  1777 | D:3      | Reached skill level 1 in Dodging
  1777 | D:3      | Reached skill level 5 in Shields
  2202 | D:3      | Noticed Robin
  2209 | D:3      | Killed Robin
  2209 | D:3      | Reached XP level 7. HP: 61/61 MP: 6/6
  2483 | D:4      | Noticed Ijyb
  2490 | D:4      | Killed Ijyb
  2676 | D:4      | Reached skill level 6 in Axes
  2691 | D:4      | Found Kiffiadgh's Magic Scroll Shop.
  2761 | D:4      | Noticed Iko's ghost (weakling VSAr)
  2773 | D:4      | Killed Iko's ghost
  2789 | D:4      | Bought a scroll of teleportation for 36 gold pieces
  2820 | D:5      | Entered Level 5 of the Dungeon
  2884 | D:5      | Found Olufesch's Magic Scroll Boutique.
  3207 | D:5      | Reached skill level 7 in Axes
  3482 | D:5      | Noticed Menkaure
  3520 | D:5      | Reached XP level 8. HP: 63/71 MP: 7/7
  3737 | D:5      | Killed Menkaure
  3846 | D:5      | Reached skill level 8 in Axes
  3858 | D:5      | Found an opulent altar of Gozag.
  3879 | D:5      | Noticed Dowan
  3880 | D:5      | Noticed Duvessa
  3907 | D:4      | Noticed Edmund
  3907 | D:4      | Noticed Purgy
  3933 | D:4      | Killed Edmund
  3982 | D:4      | Killed Purgy
  4642 | D:5      | Killed Dowan
  4645 | D:5      | Killed Duvessa
  4665 | D:5      | Found a glowing silver altar of Zin.
  4665 | D:5      | Found a white marble altar of Elyvilon.
  4665 | D:5      | Found a hazy altar of Hepliaklqana.
  4813 | D:5      | Found Inyrphag's Food Emporium.
  5021 | D:5      | Bought a scroll of blinking for 90 gold pieces
  5021 | D:5      | Bought a scroll of fog for 24 gold pieces
  5159 | D:6      | Reached skill level 9 in Axes
  5159 | D:6      | Reached XP level 9. HP: 71/78 MP: 8/8
  5163 | D:6      | Noticed Blork the orc
  5173 | D:6      | Killed Blork the orc
  5230 | D:6      | Noticed equalderp2856's ghost (amateur MiFi)
  5244 | D:6      | Killed equalderp2856's ghost
  5624 | D:6      | Noticed Pikel
  5639 | D:6      | Killed Pikel
  5639 | D:6      | Reached skill level 10 in Axes
  6706 | D:7      | Noticed a two-headed ogre
  6787 | D:7      | Found a staircase to the Ecumenical Temple.
  7172 | D:7      | Found a sacrificial altar of Ru.
  7232 | D:7      | Killed a two-headed ogre
  7232 | D:7      | Reached skill level 11 in Axes
  7232 | D:7      | Reached XP level 10. HP: 85/88 MP: 9/9
  7364 | Temple   | Entered the Ecumenical Temple
  7645 | D:8      | Noticed Erica
  7653 | D:8      | Noticed a two-headed ogre
  7659 | D:8      | HP: 3/88 [bullfrog skeleton (4)]
  7697 | D:8      | HP: 4/88 [poisoned by Erica (bolt of poison)]
  7697 | D:8      | Demolished by a two-headed ogre

Skill      XL: |  1  2  3  4  5  6  7  8  9 10 |
---------------+-------------------------------+-----
Armour         | 4 5 6 7 8 |  8.8
Fighting       | 4 5 6 7 |  7.9
Shields        | 4 5 6 7 8 |  8.0
Axes           | 4 5 7 9 11 | 11.3
Dodging        | 1 3 4 |  4.2
Stealth        | |  0.8
Evocations     | |  0.8

Action                   |  1- 3 |  4- 6 |  7- 9 | 10-12 || total
-------------------------+-------+-------+-------+-------++-------
Melee: War axe           |    45 |   135 |   272 |    33 ||   485
       Headbutt          |    11 |    22 |    52 |     9 ||    94
Evoke: Wand              |       |       |     7 |       ||     7
  Use: Potion            |       |       |     4 |     3 ||     7
       Scroll            |       |       |       |     1 ||     1
  Eat: Chunk             |       |     2 |     8 |     2 ||    12
       Ration            |       |     1 |     2 |       ||     3
Armor: Scale mail        |    18 |    71 |    97 |    12 ||   198
Dodge: Dodged            |    15 |    41 |   107 |    24 ||   187
Block: Shield            |    17 |    63 |   144 |    27 ||   251
